 Dungeon Sprint DCSS version 0.30.1-11-g7821555f0a (webtiles) character file.

Game seed: 8780800906389627667

882 DiggyJ the Nimble (level 7, -2/40 HPs)
             Began as a Felid Berserker on Jan 8, 2024.
             Was a High Priest of Trog.
             Slain by a troll (16 damage)
             ... in the Dungeon (Sprint IX: "|||||||||||||||||||||||||||||").
             The game lasted 00:02:17 (367 turns).

DiggyJ the Nimble (Felid Berserker)                  Turns: 367, Time: 00:02:18

Health: -2/40      AC:  2    Str: 21    XL:     7   Next: 76%
Magic:  8/8        EV: 25    Int:  9    God:    Trog [*****.]
Gold:   6          SH:  0    Dex: 15    Spells: 6/6 levels left
                                        Lives:  0   Deaths: 2

rFire   . .          .
                       - Unarmed
rCold   . . .        (shield unavailable)
rNeg    . . .        (body armour unavailable)
rPois   .            (helmet unavailable)
rElec   .            (cloak unavailable)
rCorr   .            (gloves unavailable)
SInv    +            (boots unavailable)
Will    +....        (no amulet)
Stlth   ++           i - +3 ring of strength
HPRegen 0.26/turn    j - +3 ring of strength
MPRegen 0.11/turn

%: no teleportation
@: unable to read, quick
A: very small, claws 1, fangs 3, see invisible, speed 1, shaggy fur 2, stealthy
paws, no weapons or thrown items, no armour, multi-lived, inability to read
after injury 1
a: Renounce Religion, Berserk, Trog's Hand, Brothers in Arms


You were in the Dungeon.
You worshipped Trog.
Trog was extremely pleased with you.
You visited 1 branch You collected 6 gold pieces.

Inventory:

Jewellery
 i - a +3 ring of strength (left paw)
 j - a +3 ring of strength (right paw)
Wands
 h - a wand of quicksilver (10)
Scrolls
 f - 2 scrolls of blinking
 l - a scroll of identify
 m - 2 scrolls of fog
 n - 4 scrolls of enchant weapon
 o - 2 scrolls of enchant armour
Potions
 a - 7 potions of curing
 b - 3 potions of heal wounds
 c - 2 potions of haste
 d - 4 potions of magic
 e - 2 potions of berserk rage
 g - a potion of invisibility
 k - a potion of flight


   Skills:
 + Level 10.4 Fighting
 + Level 13.6 Dodging
 + Level 2.7 Stealth
 + Level 13.0 Unarmed Combat


You had 6 spell levels left.
You didn't know any spells.
Your spell library was empty.

Dungeon Overview and Level Annotations

Branches:
Dungeon (1/1)

Altars:
Cheibriados
Dithmenos
Elyvilon
Fedhas
Gozag
Hepliaklqana
Kikubaaqudgha
Makhleb
Nemelex Xobeh
Okawaru
Qazlal
Ru
Sif Muna
Trog
Uskayaw
Vehumet
Wu Jian
Xom
Yredelemnul
Zin
The Shining One
Jiyva
Lugonu


Innate Abilities, Weirdness & Mutations

You have sharp claws.
You have razor-sharp teeth.
You have supernaturally acute eyesight. (SInv)
You cover ground quickly. (Speed+)
You are covered in thick fur. (AC +2)
Your paws help you pounce on unaware monsters.
You are incapable of wielding weapons or throwing items.
You cannot wear armour.
You gain extra lives every three experience levels.
You occasionally lose the ability to read scrolls when taking damage.


Message History

The troll closely misses you. The troll claws you!
The troll closely misses you.
You scratch the troll. You bite the troll, but do no damage.
The troll is almost dead.
The troll misses you. The troll completely misses you.
The troll barely misses you.
You scratch the troll but do no damage. Your bite misses the troll.
The troll is almost dead.
The troll closely misses you. The troll barely misses you.
The troll misses you.
You scratch the troll.
The troll is almost dead.
You scratch the troll.
You kill the troll!
Trog accepts your kill.
Trog will now gift you melee weapons as you gain piety.
The troll leather armour is intact enough to wear.
Your Fighting skill increases to level 10!
There is a glowing golden altar of the Shining One here.
Things that are here:
a +0 troll leather armour; a troll corpse You mangle the yak!!
The yak is heavily wounded.
You claw the yak! x2
You kill the yak!
Trog accepts your kill.
Your Unarmed Combat skill increases to level 13!
The troll shouts!
You hear an angry buzzing noise.
There is an open door, spattered with blood here.
You see here a yak corpse.
You see here 2 scrolls of amnesia.
The gnoll bouda shouts!
Items here: )))))).
You barely miss the troll. The troll bites you. The troll claws you!
You feel threatened and lose the ability to read scrolls!
The troll closely misses you.
You claw the troll!
The troll is moderately wounded.
The troll bites you!
You die...

▓▓▓▓▓▓▓▓▓▓▓▓▓▓▓▓▓▓▓▓▓▓▓▓▓▓▓▓▓▓▓
_____________†.?@Ty[g..)TYTyg.+
▓▓▓▓▓▓▓▓▓▓▓▓▓▓▓▓▓▓▓▓▓▓▓▓▓▓▓▓▓▓▓▓▓
.................................
▓▓▓▓▓▓▓▓▓▓▓▓▓▓▓▓▓▓▓▓▓▓▓▓▓▓▓▓▓▓▓▓▓
. ▓


You could see a troll, a gnoll bouda and a killer bee.

Vanquished Creatures
  A black mamba (D)
  A rime drake (D)
  A troll (D)
  2 yaks (D)
  A water moccasin (D)
  A bullfrog (D)
  A scorpion (D)
  A howler monkey (D)
  2 hounds (D)
  A gnoll bouda (D)
  An adder (D)
  A giant cockroach (D)
  3 kobolds (D)
  A rat (D)
18 creatures vanquished.

Notes
Turn   | Place    | Note
-------+----------+-------------------------------------------
     0 | D        | DiggyJ the Felid Berserker began the quest for the Orb.
     0 | D        | Reached XP level 1. HP: 10/10 MP: 2/2
    10 | D        | Reached ** piety under Trog
    11 | D        | Reached skill level 5 in Dodging
    25 | D        | Noticed a scorpion
    25 | D        | Noticed a howler monkey
    25 | D        | Noticed a hound
    25 | D        | Noticed a hound
    28 | D        | Killed a scorpion
    29 | D        | Reached skill level 5 in Fighting
    29 | D        | Reached skill level 5 in Unarmed Combat
    29 | D        | Reached XP level 2. HP: 8/16 MP: 3/3
    29 | D        | Reached XP level 3. HP: 10/19 MP: 4/4
    29 | D        | Reached *** piety under Trog
    30 | D        | Reached XP level 4. HP: 12/24 MP: 5/5
    34 | D        | Reached XP level 5. HP: 12/27 MP: 6/6
    53 | D        | Found a snail-covered altar of Cheibriados.
    53 | D        | Found a shadowy altar of Dithmenos.
    53 | D        | Found a white marble altar of Elyvilon.
    53 | D        | Found a blossoming altar of Fedhas.
    53 | D        | Found an opulent altar of Gozag.
    54 | D        | Found a hazy altar of Hepliaklqana.
    55 | D        | Found a viscous altar of Jiyva.
    56 | D        | Found an ancient bone altar of Kikubaaqudgha.
    57 | D        | Found a corrupted altar of Lugonu.
    58 | D        | Found a burning altar of Makhleb.
    59 | D        | Found a sparkling altar of Nemelex Xobeh.
    60 | D        | Found an iron altar of Okawaru.
    61 | D        | Found a stormy altar of Qazlal.
    62 | D        | Found a sacrificial altar of Ru.
    63 | D        | Found a shimmering blue altar of Sif Muna.
    64 | D        | Found a bloodstained altar of Trog.
    65 | D        | Found a hide-covered altar of Uskayaw.
    66 | D        | Found a radiant altar of Vehumet.
    67 | D        | Found an ornate altar of the Wu Jian Council.
    68 | D        | Found a shimmering altar of Xom.
    69 | D        | Found a basalt altar of Yredelemnul.
    70 | D        | Found a glowing silver altar of Zin.
    71 | D        | Found a glowing golden altar of the Shining One.
   143 | D        | Noticed a troll
   143 | D        | Noticed a yak
   143 | D        | Noticed a troll
   153 | D        | Mangled by a troll
   154 | D        | Reached XP level 4. HP: -9/36 MP: 5/5
   293 | D        | Gained mutation: You occasionally lose the ability to read
                  | scrolls when taking damage. [potion of mutation]
   302 | D        | Noticed a water moccasin
   302 | D        | Noticed a rime drake
   302 | D        | Noticed a yak
   302 | D        | Noticed a black mamba
   302 | D        | Noticed a bullfrog
   302 | D        | Noticed a basilisk
   304 | D        | Noticed a water moccasin
   308 | D        | Killed a water moccasin
   308 | D        | Reached **** piety under Trog
   309 | D        | Reached skill level 10 in Dodging
   309 | D        | Reached XP level 5. HP: 27/28 MP: 6/6
   310 | D        | Killed a rime drake
   311 | D        | Reached skill level 1 in Stealth
   311 | D        | Reached skill level 10 in Unarmed Combat
   311 | D        | Gained mutation: You are covered in thick fur. (AC +2)
                  | [Felid growth]
   311 | D        | Reached XP level 6. HP: 31/34 MP: 7/7
   311 | D        | Noticed a blink frog
   313 | D        | Killed a yak
   314 | D        | Reached XP level 7. HP: 32/38 MP: 8/8
   314 | D        | Noticed a cane toad
   316 | D        | Killed a black mamba
   319 | D        | Reached XP level 8. HP: 33/43 MP: 9/9
   325 | D        | Slain by a basilisk
   326 | D        | Reached XP level 7. HP: -2/39 MP: 8/8
   358 | D        | Killed a troll
   358 | D        | Reached ***** piety under Trog
   359 | D        | Reached skill level 10 in Fighting
   361 | D        | Killed a yak
   367 | D        | Slain by a troll

Illustrated notes

Levels and vault maps discovered:
D:        linesprint [early_d, line_temple, items_1, d_10, items_2, lair_1,
          lair_end, items_3, orc_1, orc_end, items_4, d_15, swamp_1, shoals_1,
          snake_1, spider_1, d_20, vaults_1, items_5, swamp_end, shoals_end,
          snake_end, spider_end, vaults_end, d_27, items_6, zot_1, zot_end,
          crypt_end, forest_end, elf_end, slime_end, tomb_end, abyss_end,
          pan_hell_end]

Skill      XL: |  1  2  3  4  5  6  7 |
---------------+----------------------+-----
Dodging        | 7 8 10 11 12 13 | 13.6
Fighting       | 5 7 8 9 10 | 10.4
Unarmed Combat | 5 6 8 10 11 13 | 13.0
Stealth        | 1 2 |  2.7

Action                     |  1- 3 |  4- 6 |  7- 9 || total
---------------------------+-------+-------+-------++-------
  Melee: Unarmed           |    14 |    23 |    22 ||    59
         Punch             |     1 |     2 |     3 ||     6
         Bite              |       |     6 |     3 ||     9
 Invoke: Berserk           |     1 |     2 |       ||     3
    Use: Potion            |       |     1 |       ||     1
  Dodge: Dodged            |     6 |    16 |    22 ||    44
